AoeStats
← Sacresh Martire

Arena

510200669Analyzed
4v4 RM · 1d ago on Sep 29, 2026· 23m 59s· 8 players
Game mode
Random Map
Map size
Large (8 player)
Population
200
Speed
Normal
Resources
Standard
Victory
Conquest
Starting age
Dark Age
Ending age
Imperial Age
RankedLock teamsTeams togetherTeam positionsShared explorationLock speedFull tech treeHidden civsTurbo modeCheats
Victory
Defeat
🇮🇹 Turks · Italy
893
+16
🇺🇾 Armenians · Uruguay
889
+16
🇨🇳 Huns · China
883
+17
🇦🇷 Lithuanians · Argentina
855
+18
🇺🇸 Varangians · United States
970
-19
🇲🇽 Britons · Mexico
967
-20
🇨🇳 Poles · China
846
-15
🇨🇱 Goths · Chile
807
-13
Sacresh Martire
12:56 Feudal Age
17:54 Castle Age
17:14 Double-Bit Axe
17:11 Horse Collar
17:24 Gold Mining
19:19 Loom
20:20 Bow Saw
22:01 Heavy Plow
Deadpool39
7:37 Loom
10:27 Feudal Age
11:38 Double-Bit Axe
16:34 Castle Age
14:56 Stone Mining
卢本伟
10:33 Feudal Age
14:32 Castle Age
13:03 Stone Mining
13:49 Double-Bit Axe
13:47 Horse Collar
15:19 Heavy Plow
23:05 Wheelbarrow
Pocho32
6:12 Loom
11:34 Feudal Age
17:07 Castle Age
15:36 Double-Bit Axe
15:55 Gold Mining
16:46 Stone Mining
17:34 Horse Collar
19:06 Bow Saw
21:45 Gold Shaft Mining
23:24 Scale Mail Armor
23:34 Forging
23:25 Padded Archer Armor
23:16 Fletching
24:42 Wheelbarrow
MoroseZeus50
12:07 Feudal Age
13:28 Wheelbarrow
12:42 Double-Bit Axe
12:58 Horse Collar
21:19 Castle Age
22:17 Hand Cart
22:17 Heavy Plow
22:29 Bow Saw
sonrisgsvh1131
2:55 Loom
10:09 Feudal Age
17:44 Castle Age
15:52 Double-Bit Axe
16:00 Horse Collar
16:51 Gold Mining
17:10 Stone Mining
20:29 Caravan
24:01 Bow Saw
HANSLANDA
4:52 Loom
14:28 Feudal Age
15:18 Gold Mining
15:22 Stone Mining
18:59 Castle Age
18:00 Double-Bit Axe
19:14 Horse Collar
19:23 Pikeman
20:42 Fletching
妍芸
10:44 Feudal Age
16:25 Castle Age
14:35 Double-Bit Axe
15:11 Horse Collar
21:12 Wheelbarrow
Connection lost

Rejoining the realm…

Still unreachable

The connection could not be restored.

Session expired

The server has moved on; the page needs a fresh start.